 Dungeon Crawl Stone Soup version 0.18-a0-1426-g3b9a63c (webtiles) character file.

46 namelastname112 the Insei (level 3, -1/28 HPs)
             Began as a Draconian Transmuter on Feb 27, 2016.
             Slain by a gnoll (4 damage)
             ... on level 2 of the Dungeon.
             The game lasted 00:01:37 (1775 turns).

namelastname112 the Insei (Draconian Transmuter)    Turns: 1775, Time: 00:01:37

Health: -1/28      AC:  5    Str: 12    XL:     3   Next: 46%
Magic:  6/6        EV: 12    Int: 13    God:
Gold:   76         SH:  0    Dex: 12    Spells: 1 memorised, 5 levels left

rFire  + . .     SeeInvis .       - Unarmed
rCold  . . .     Gourm    .     (armour unavailable)
rNeg   . . .     Faith    .     (no shield)
rPois  .         Spirit   .     (helmet restricted)
rElec  .         Dismiss  .     (no cloak)
rCorr  .         Reflect  .     (no gloves)
SustAt .         Harm     .     (no boots)
MR     .....                    (no amulet)
Stlth  +.........               (no ring)
                                h - ring of protection from fire

@: flying, not resistant to hostile enchantments, very unstealthy
A: unfitting armour, cold-blooded, AC +5
a: no special abilities


You were on level 2 of the Dungeon.
You were hungry.

You visited 1 branch of the dungeon, and saw 2 of its levels.

You collected 76 gold pieces.

Inventory:

Missiles
 a - 58 arrows
 d - 7 poisoned javelins (quivered)
Jewellery
 h - a ring of protection from fire (left hand)
Scrolls
 e - 4 scrolls of identify {unknown}
 g - 2 scrolls of random uselessness {unknown}
 k - a scroll of blinking {unknown}
 m - a scroll of recharging {unknown}
Potions
 i - a potion of lignification {unknown}
 l - a potion of magic {unknown}
Books
 b - a book of Changes

   Spells                             Type                      Level
   a - Beastly Appendage              Transmutation                1
   b - Sticks to Snakes               Transmutation                2
   c - Spider Form                    Transmutation/Poison         3
   d - Ice Form                       Ice/Transmutation            4
   e - Blade Hands                    Transmutation                5
Comestibles
 c - 3 bread rations
 f - 2 meat rations


   Skills:
 - Level 1.1 Fighting
 - Level 1.7 Dodging
 + Level 4.5 Unarmed Combat
 - Level 2.0 Spellcasting
 - Level 2.0 Transmutations


You had 5 spell levels left.
You knew the following spells:

 Your Spells              Type           Power        Failure   Level  Hunger
a - Beastly Appendage     Trmt           #.....       12%         1    ##.....


Dungeon Overview and Level Annotations

Branches:
Dungeon (2/15)

Altars:
Cheibriados


Innate Abilities, Weirdness & Mutations

Your plain brown scales are hard (AC +5).
Your body does not fit into most forms of armour.
You are cold-blooded and may be slowed by cold attacks.


Message History

You barely miss the gnoll.
The gnoll is severely wounded.
The gnoll closely misses you. x2
You hit the gnoll but do no damage. Your punch misses the gnoll.
The gnoll is severely wounded.
You feel yourself speed up. The gnoll closely misses you.
You hit the gnoll but do no damage.
The gnoll is severely wounded.
The gnoll hits you.
* * * LOW HITPOINT WARNING * * *
You hit the gnoll.
The gnoll is severely wounded.
The gnoll hits you.
* * * LOW HITPOINT WARNING * * *
Drink which item? (? for menu, Esc to quit)
It was a potion of flight.
You feel very buoyant.
You fly up into the air.
The gnoll hits you.
You die...

##### #.... #....###
#### #._..'g# ...#
#....#g#
...###+####....#g#
...#......######@# #
...#........####.# #
####.....).......# #
............###### #
###†........# # #
#.........# # #
#†........# ##### #
##........# #.... #
#........###########
#.###


You could see 2 gnolls and a goblin.

Vanquished Creatures
  An ooze (D:1)
  A worm (D:2)
  A giant cockroach (D:2)
  7 goblins
  8 hobgoblins
  A ball python (D:1)
  8 bats
  3 giant newts (D:2)
  4 kobolds (D:1)
  3 rats (D:1)
37 creatures vanquished.

Notes
Turn   | Place    | Note
--------------------------------------------------------------
     0 | D:1      | namelastname112 the Draconian Transmuter began the quest for the Orb.
     0 | D:1      | Reached XP level 1. HP: 16/16 MP: 3/3
   431 | D:1      | Reached XP level 2. HP: 23/23 MP: 5/5
   643 | D:1      | Reached skill level 4 in Unarmed Combat
   886 | D:1      | Reached XP level 3. HP: 28/28 MP: 6/6
  1750 | D:2      | Found a snail-covered altar of Cheibriados.
  1775 | D:2      | Slain by a gnoll

Vault maps used:
D:1:      evilmike_arrival_rings, grunt_decor_clamped
D:2:      cheibriados_altar_wand_db

Skill      XL: |  1  2 |
---------------+-------+-----
Unarmed Combat | 4 |  4.5
Fighting       | |  1.1
Dodging        | |  1.7
Spellcasting   | |  2.0
Transmutations | |  2.0

Action                   || total
-------------------------++-------
Melee: Unarmed           ||   142
  Use: Potion            ||     1
  Eat: Chunk             ||     2
